 Dungeon Crawl Stone Soup version 0.18.1-50-g88ac8fd (webtiles) character file.

634 Kapitalisti the Caller (level 7, -4/46 HPs)
             Began as a Vampire Summoner on Sept 26, 2016.
             Was an Initiate of Sif Muna.
             Slain by a wyvern (16 damage)
             ... on level 5 of the Dungeon.
             The game lasted 00:48:56 (6179 turns).

Kapitalisti the Caller (Vampire Summoner)           Turns: 6179, Time: 00:48:57

Health: -4/46      AC:  2    Str:  7    XL:     7   Next: 25%
Magic:  2/13       EV: 14    Int: 19    God:    Sif Muna [......]
Gold:   289        SH:  0    Dex: 15    Spells: 5 memorised, 2 levels left

rFire  . . .     SeeInvis +     o - +3 whip (freeze)
rCold  . . .     Gourm    .     u - +0 robe {MR+}
rNeg   + . .     Faith    .     (no shield)
rPois  .         Spirit   .     (no helmet)
rElec  .         Dismiss  .     (no cloak)
rCorr  +         Reflect  .     (no gloves)
SustAt .         Harm     .     (no boots)
MR     +....                    (no amulet)
Stlth  ++++......               g - ring of stealth
                                s - ring of resist corrosion

@: somewhat resistant to hostile enchantments, stealthy
A: fangs 3, see invisible, unbreathing
a: Bat Form, Renounce Religion


You were on level 5 of the Dungeon.
You worshipped Sif Muna.
Sif Muna was noncommittal.
You were not thirsty.

You visited 2 branches of the dungeon, and saw 6 of its levels.

You collected 289 gold pieces.

Inventory:

Hand Weapons
 o - a +3 whip of freezing (weapon)
Armour
 u - a +0 robe of magic resistance (worn)
Jewellery
 g - a ring of stealth (right hand)
 s - a ring of resist corrosion (left hand)
Wands
 t - a wand of digging (9/24)
Scrolls
 i - 6 scrolls of identify
 j - a scroll of recharging {unknown}
 l - 5 scrolls of amnesia {unknown}
 n - 2 scrolls of teleportation {unknown}
 p - 3 scrolls of blinking {unknown}
 q - 2 scrolls of magic mapping {unknown}
 v - a scroll of fear
Potions
 a - a potion of lignification {unknown}
 c - a potion of heal wounds {unknown}
 d - 3 potions of resistance
 e - a potion of might {unknown}
 h - a potion of degeneration {unknown}
 k - a potion of flight {unknown}
 m - a potion of cancellation {unknown}
 r - 2 potions of brilliance {unknown}
 w - a potion of agility {unknown}
Books
 b - a book of Callings

   Spells                             Type                      Level
   a - Summon Small Mammal            Summoning                    1
   b - Call Imp                       Summoning                    2
   c - Call Canine Familiar           Summoning                    3
   d - Summon Guardian Golem          Hexes/Summoning              3
   e - Summon Lightning Spire         Summoning/Air                4
   f - Summon Ice Beast               Ice/Summoning                4
 f - a book of Minor Magic

   Spells                             Type                      Level
   a - Magic Dart                     Conjuration                  1
   b - Blink                          Translocation                2
   c - Call Imp                       Summoning                    2
   d - Repel Missiles                 Charms/Air                   2
   e - Slow                           Hexes                        2
   f - Conjure Flame                  Conjuration/Fire             3
   g - Mephitic Cloud                 Conjuration/Poison/Air       3


   Skills:
 - Level 4.1 Dodging
 - Level 5.7 Stealth
 + Level 4.2 Spellcasting
 - Level 1.1 Hexes
 + Level 6.0 Summonings
 * Level 1.2 Ice Magic


You had 2 spell levels left.
You knew the following spells:

 Your Spells              Type           Power        Failure   Level  Hunger
a - Summon Small Mammal   Summ           ####         1%          1    None
b - Call Imp              Summ           ####....     1%          2    #......
c - Summon Guardian Gole  Hex/Summ       ###.....     12%         3    ###....
d - Summon Ice Beast      Ice/Summ       ###.....     34%         4    ####...
e - Blink                 Tloc           N/A          21%         2    #......


Dungeon Overview and Level Annotations

Branches:
Dungeon (5/15)             Temple (1/1) D:4

Altars:
Ashenzari
Cheibriados
Dithmenos
Elyvilon
Fedhas
Gozag
Makhleb
Nemelex Xobeh
Okawaru
Pakellas
Qazlal
Ru
Sif Muna
Vehumet
Xom
Yredelemnul
Zin
The Shining One


Innate Abilities, Weirdness & Mutations

You have razor-sharp teeth.
You have supernaturally acute eyesight.
You can survive without breathing.


Message History

You swap places.
The wyvern bites your crimson imp!
Your crimson imp barely misses the wyvern.
Casting: Call Imp
Confirm with . or Enter, or press ? or * to list all spells.
A shadowy apparition takes form in the air.
The wyvern bites your crimson imp!!
Your crimson imp dies!
Your shadow imp hits the wyvern.
The wyvern bites your shadow imp!
Your shadow imp dies!
Casting: Call Imp
Confirm with . or Enter, or press ? or * to list all spells.
You don't have enough magic to cast that spell.
The wyvern hisses menacingly.
The wyvern bites you.
* * * LOW HITPOINT WARNING * * *
The wyvern misses you. The wyvern misses you. The wyvern bites you!
You die...

#.# #.# #.#####..#.#..
#.###.###.# #........#
#.........####...#.##.#
####.............#...
#...(..####.#.......
#......# #.##......
#......# #S# ......
####'### #l# ..##. #.#
#@# >. #.# #.# ## #.#
#.# #.######.######(
#...5...........
########.####### #.#
#.# #.#


You could see a wyvern and an adder.

Vanquished Creatures
  A jelly (D:5)
  A hound (D:4)
  A worker ant (D:4)
  The ghost of sheala the Grave Robber, a weakling DENe (D:3)
  A worker ant zombie (D:5)
  5 adders
  2 gnolls
  An ooze (D:3)
  3 worms
  4 orcs (D:3)
  A ball python (D:3)
  2 giant cockroaches
  7 hobgoblins
  6 kobolds
  3 bats
  A giant newt (D:2)
  2 goblins (D:2)
  6 rats
48 creatures vanquished.

Vanquished Creatures (collateral kills)
  Sigmund (D:3)
  A giant frog (D:5)
  2 scorpions
  2 howler monkeys
  A hound (D:4)
  An iguana (D:4)
  6 worker ants (D:5)
  5 gnolls
  4 adders
  2 adder skeletons (D:4)
  A worm (D:4)
  A dart slug (D:2)
  2 giant geckos (D:4)
  2 orcs
  2 giant cockroaches
  2 goblins (D:1)
  3 jackals (D:5)
  3 quokkas
  A bat (D:1)
  2 giant newts
  2 kobolds (D:1)
  2 rats
48 creatures vanquished.

Grand Total: 96 creatures vanquished

Notes
Turn   | Place    | Note
--------------------------------------------------------------
     0 | D:1      | Kapitalisti the Vampire Summoner began the quest for the Orb.
     0 | D:1      | Reached XP level 1. HP: 13/13 MP: 3/3
   418 | D:1      | Reached XP level 2. HP: 19/19 MP: 5/5
  1247 | D:2      | Reached XP level 3. HP: 22/24 MP: 6/6
  1257 | D:2      | Learned a level 2 spell: Call Imp
  2056 | D:2      | Reached XP level 4. HP: 30/30 MP: 3/7
  2223 | D:3      | Noticed Sigmund
  3067 | D:3      | Learned a level 3 spell: Summon Guardian Golem
  3634 | D:3      | Noticed sheala's ghost (weakling DENe)
  3639 | D:3      | Killed sheala's ghost
  3639 | D:3      | Reached skill level 5 in Summonings
  3639 | D:3      | Reached XP level 5. HP: 29/35 MP: 9/9
  3777 | D:3      | Killed Sigmund
  4146 | D:4      | Reached XP level 6. HP: 12/41 MP: 4/11
  4464 | D:4      | Reached skill level 5 in Stealth
  4531 | D:4      | Reached skill level 1 in Hexes
  4540 | D:4      | Learned a level 4 spell: Summon Ice Beast
  4807 | D:4      | Found a staircase to the Ecumenical Temple.
  4818 | Temple   | Entered the Ecumenical Temple
  4878 | Temple   | Became a worshipper of Sif Muna the Loreminder
  4937 | D:4      | Learned a level 2 spell: Blink
  5005 | D:5      | Entered Level 5 of the Dungeon
  5102 | D:5      | Noticed an ice beast
  5347 | D:5      | Reached skill level 1 in Ice Magic
  5652 | D:5      | Found a stormy altar of Qazlal.
  5699 | D:5      | Reached XP level 7. HP: 43/46 MP: 3/13
  6009 | D:5      | Reached skill level 6 in Summonings
  6134 | D:5      | Noticed a wyvern
  6179 | D:5      | Slain by a wyvern

Skill      XL: |  1  2  3  4  5  6  7 |
---------------+----------------------+-----
Dodging        | 3 4 |  4.1
Stealth        | 4 5 |  5.7
Summonings     | 5 6 |  6.0
Spellcasting   | 3 4 |  4.2
Hexes          | 1 |  1.1
Ice Magic      | 1 |  1.2

Action                   |  1- 3 |  4- 6 |  7- 9 || total
-------------------------+-------+-------+-------++-------
Melee: Whip              |   125 |   102 |     6 ||   233
       Bite              |    10 |     7 |       ||    17
 Cast: Summon Small Mamm |    11 |       |       ||    11
       Call Imp          |     9 |    60 |    23 ||    92
       Summon Guardian G |       |     4 |       ||     4
  Use: Scroll            |       |     7 |       ||     7
 Stab: Sleeping          |    12 |     5 |     2 ||    19
       Distracted        |       |     1 |     1 ||     2
  Eat: Corpse            |    10 |    13 |     1 ||    24
Armor: Robe              |    25 |    17 |     2 ||    44
Dodge: Dodged            |    94 |    87 |    19 ||   200
